 Dungeon Crawl Stone Soup version 0.27.0-1-g7a089689b8 (webtiles) character file.

Game seed: 8283797242516540449

473 graki42 the Magician (level 6, -6/32 HPs)
             Began as a Deep Elf Fire Elementalist on Aug 12, 2021.
             Mangled by Robin (10 damage)
             ... on level 4 of the Dungeon.
             The game lasted 00:12:31 (3741 turns).

graki42 the Magician (Deep Elf Fire Elementalist)   Turns: 3741, Time: 00:12:32

Health: -6/32      AC:  3    Str:  7    XL:     6   Next: 84%
Magic:  5/16       EV: 13    Int: 20    God:
Gold:   85         SH:  0    Dex: 15    Spells: 5/16 levels left

rFire    . . .     SeeInvis .   f - +1 dagger (venom)
rCold    . . .     Faith    .   (no shield)
rNeg     . . .     Spirit   .   a - +0 robe
rPois    .         Reflect  .   p - +0 helmet
rElec    .         Harm     .   b - scarf {+Inv}
rCorr    .         Rampage  .   (no gloves)
Will     .....                  (no boots)
Stlth    ++........             (no amulet)
HPRegen  0.10/turn              (no ring)
MPRegen  0.15/turn              (no ring)

@: no status effects
A: no striking features
a: Evoke Invisibility


You were on level 4 of the Dungeon.
You visited 1 branch of the dungeon, and saw 4 of its levels.

You collected 85 gold pieces.

Inventory:

Hand Weapons
 f - a +1 dagger of venom (weapon)
Missiles
 g - a throwing net
Armour
 a - a +0 robe (worn)
 b - a scarf of invisibility (worn)
 p - a +0 helmet (worn)
Magical Staves
 o - a staff of death
Wands
 m - a wand of iceblast (11)
Scrolls
 d - a scroll of enchant armour
 e - a scroll of enchant weapon
 j - a scroll of brand weapon {unknown}
 n - a scroll of vulnerability
Potions
 c - a potion of degeneration {unknown}
 h - a potion of invisibility {unknown}
 i - a potion of magic {unknown}
 k - 3 potions of heal wounds
 l - 2 potions of curing {unknown}
 r - 2 potions of attraction {unknown}
 s - 2 potions of flight {unknown}


   Skills:
 - Level 3.0 Dodging
 - Level 3.0 Stealth
 + Level 5.5 Spellcasting
 + Level 3.9 Conjurations
 + Level 3.2 Hexes
 + Level 5.1 Fire Magic
 + Level 0.9 Evocations


You had 5 spell levels left.
You knew the following spells:

 Your Spells              Type           Power      Damage    Failure   Level
a - Foxfire               Conj/Fire      92%        2x1d8     1%          1
b - Conjure Flame         Conj/Fire      23%        6-21      4%          3
c - Inner Flame           Hex/Fire       22%        N/A       6%          3
d - Sticky Flame          Conj/Fire      23%        2d4       17%         4

Your spell library contained the following spells:

 Spells                   Type           Power      Damage    Failure   Level
 Fireball                 Conj/Fire      11%        3d7       43%         5


Dungeon Overview and Level Annotations

Branches:
Dungeon (4/15)
 Temple: D:4-7

Altars:
Hepliaklqana

Annotations:
D:4 Robin


Message History

The foxfire hits the goblin.
You kill the goblin!
The goblin unwields a +0 club.
The goblin wields a +0 hunting sling.
The goblin shoots a stone.
The stone misses you.
Casting: Foxfire (safe; 1% risk of failure)
Confirm with . or Enter, or press ? or * to list all spells.
You conjure some foxfire!
The foxfire hits the hobgoblin.
The hobgoblin is severely wounded.
The foxfire hits the hobgoblin.
You kill the hobgoblin!
The foxfire hits the goblin!
You kill the goblin!
Unknown command.
Your foxfire dissipates!
Unknown command.
You barely miss the goblin. The goblin hits you but does no damage.
A goblin comes into view. It is wielding a +0 club.
You barely miss the goblin. The goblin closely misses you.
You barely miss the goblin.
Robin's bangles clink loudly.
Robin throws the goblin at you! The goblin closely misses you.
The goblin completely misses you.
You hit the goblin.
You kill the goblin!
The goblin hits you with a +0 club.
Robin says, "Bow before me, strongest of all the hobgoblins!"
Robin throws the goblin at you! Robin hits you with a +0 mace!
* * * LOW HITPOINT WARNING * * *
Casting: Foxfire (safe; 1% risk of failure)
Confirm with . or Enter, or press ? or * to list all spells.
The spell is extremely dangerous to cast (17% risk of failure)!
Continue anyway?
Aiming: Sticky Flame (extremely dangerous; 17% risk of failure)
Press: ? - help, Shift-Dir - straight line, f - Robin
Aim: Robin, wielding a +0 mace, wearing a +0 animal skin, wearing a +0 helmet and carrying a wand of flame (21) (100% to hit)
The sticky flame hits Robin.
Robin is moderately wounded.
Robin is covered in liquid flames!
Robin burns!
The goblin barely misses you. Robin hits you with a +0 mace!
You die...

......(......##
#...!.....#...#
##......#...#
.#...##.....##
............##
.#..........#
##....)....#
#...#g######
##.#..##@#
......##g######
......Kggg.....#
......)g#.......
.......)......##
...............#
.........##..###
#.....!... ...#
.......... ...#


You could see Robin (burning), 2 hobgoblins and 3 goblins.

Vanquished Creatures
  A black bear (D:4)
  3 orc priests
  A bullfrog skeleton (D:4)
  Ijyb (D:3)
  An orc wizard (D:4)
  A hound skeleton (D:4)
  6 gnolls
  A howler monkey skeleton (D:2)
  4 adders
  An ufetubus (D:4)
  A worm (D:3)
  2 dart slugs (D:2)
  6 orcs
  7 bats
  3 endoplasms
  4 giant cockroaches
  12 goblins
  9 hobgoblins
  5 jackals
  A quokka (D:1)
  7 ball pythons
  6 frilled lizards
  7 kobolds
  7 rats
97 creatures vanquished.

Vanquished Creatures (collateral kills)
  2 foxfires (D:3)
2 creatures vanquished.

Vanquished Creatures (others)
  242 foxfires
  A plant (D:3)
243 creatures vanquished.

Grand Total: 342 creatures vanquished

Notes
Turn   | Place    | Note
-------+----------+-------------------------------------------
     0 | D:1      | graki42 the Deep Elf Fire Elementalist began the quest for
                  | the Orb.
     0 | D:1      | Reached XP level 1. HP: 10/10 MP: 6/6
   450 | D:1      | Reached XP level 2. HP: 11/15 MP: 5/8
  1017 | D:1      | Reached XP level 3. HP: 19/19 MP: 7/9
  1024 | D:1      | Learned a level 3 spell: Conjure Flame
  1028 | D:1      | Learned a level 3 spell: Inner Flame
  2041 | D:2      | Reached XP level 4. HP: 24/24 MP: 7/11
  2389 | D:3      | Noticed Ijyb
  2400 | D:3      | Killed Ijyb
  2677 | D:3      | Found a hazy altar of Hepliaklqana.
  2707 | D:3      | Learned a level 4 spell: Sticky Flame
  2902 | D:3      | Reached skill level 1 in Hexes
  2902 | D:3      | Reached XP level 5. HP: 28/28 MP: 3/13
  3320 | D:3      | Found a faded altar of an unknown god.
  3487 | D:4      | Noticed a black bear
  3492 | D:4      | Reached skill level 5 in Spellcasting
  3495 | D:4      | Killed a black bear
  3496 | D:4      | Reached XP level 6. HP: 32/32 MP: 6/15
  3566 | D:4      | Reached skill level 5 in Fire Magic
  3569 | D:4      | Identified a scroll of acquirement
  3569 | D:4      | Acquired a scarf of invisibility
  3726 | D:4      | Noticed Robin
  3741 | D:4      | Mangled by Robin

Illustrated notes

Levels and vault maps discovered:
D:1:      lemuel_arrival_rhombus, layout_basic
D:2:      layout_basic
D:3:      layout_loops_ring, nicolae_hepliaklqana_hazy_memory,
          dreamdust_ecumenical_altar_hidden_monk_grotto, uniq_ijyb
D:4:      layout_cave_pools, minmay_temple_entry_large_hall,
          portal_sewer_entry_d, uniq_robin

Skill      XL: |  1  2  3  4  5  6 |
---------------+-------------------+-----
Stealth        | 3 |  3.0
Dodging        | 3 |  3.0
Conjurations   | 2 3 |  3.9
Fire Magic     | 4 5 |  5.1
Spellcasting   | 4 5 |  5.5
Hexes          | 1 2 3 |  3.2
Evocations     | |  0.9

Action                   |  1- 3 |  4- 6 || total
-------------------------+-------+-------++-------
Melee: Dagger            |     9 |    44 ||    53
 Cast: Foxfire           |    71 |    78 ||   149
       Inner Flame       |       |     1 ||     1
       Sticky Flame      |       |     3 ||     3
  Use: Potion            |       |     1 ||     1
       Scroll            |       |     7 ||     7
 Stab: Sleeping          |       |     2 ||     2
Armor: Robe              |     3 |    12 ||    15
Dodge: Dodged            |     7 |    42 ||    49
